 Dungeon Crawl Stone Soup version 0.30-b1-2-g02819fbbbe (webtiles) character file.

Game seed: 12529291387617639103

6 Mesmaeker13 the Conjurer (level 1, -1/17 HPs)
             Began as a Demigod Reaver on July 15, 2023.
             Slain by an endoplasm (3 damage)
             ... on level 1 of the Dungeon.
             The game lasted 00:00:29 (107 turns).

Mesmaeker13 the Conjurer (Demigod Reaver)            Turns: 107, Time: 00:00:30

Health: -1/17      AC:  3    Str: 13    XL:     1   Next: 60%
Magic:  5/5        EV: 11    Int: 15    God:
Gold:   21         SH:  0    Dex: 12    Spells: 2/3 levels left

rFire   . . .        a - +0 spear
rCold   . . .        (no shield)
rNeg    . . .        b - +0 leather armour
rPois   .            (no helmet)
rElec   .            (no cloak)
rCorr   .            (no gloves)
SInv    .            (no boots)
Will    .....        (no amulet)
Stlth   +            (no ring)
HPRegen 0.22/turn    (no ring)
MPRegen 0.09/turn

%: no passive effects
@: no status effects
A: high MP 1, forlorn, divine attributes
a: no special abilities


You were on level 1 of the Dungeon.
You visited 1 branch of the dungeon, and saw 1 of its levels.

You collected 21 gold pieces.

Inventory:

Hand Weapons
 a - a +0 spear (weapon)
Armour
 b - a +0 leather armour (worn)
 d - a +0 ring mail
Scrolls
 c - a scroll of blinking {unknown}


   Skills:
 + Level 1.9 Fighting
 - Level 2.6 Polearms
 + Level 1.9 Dodging
 - Level 1.7 Spellcasting
 + Level 2.8 Conjurations
 + Level 0.4 Necromancy


You had 2 spell levels left.
You knew the following spells:

 Your Spells              Type           Power      Damage    Failure   Level
a - Kiss of Death         Conj/Necr      24%        2d7       16%         1

Your spell library contained the following spells:

 Spells                   Type           Power      Damage    Failure   Level
 Necrotise                Necr           8%         1d4       24%         1
 Momentum Strike          Conj/Tloc      10%        3d8       24%         2
 Hailstorm                Conj/Ice       5%         3d4       43%         3
 Vampiric Draining        Necr           2%         2d6       58%         3
 Agony                    Necr           2%         N/A       100%        5


Dungeon Overview and Level Annotations

Branches:
Dungeon (1/15)


Innate Abilities, Weirdness & Mutations

You have an increased reservoir of magic. (+10% MP)
You shall have no god before yourself.
Your divine heritage dramatically boosts your attributes as you level up.


Message History

The rat is moderately wounded.
The rat bites you.
The endoplasm hits you but does no damage.
You hit the rat.
You kill the rat!
The endoplasm barely misses you. The dart slug launches a dart at you.
The slug dart misses you.
You hit the endoplasm but do no damage. The endoplasm closely misses you.
The dart slug launches a dart at you.
The slug dart hits you but does no damage.
You hit the endoplasm.
The endoplasm is moderately wounded.
The endoplasm freezes you.
You are frozen.
You barely miss the endoplasm.
The endoplasm is moderately wounded.
The endoplasm freezes you.
You are frozen.
The dart slug launches a dart at you. The slug dart hits you.
You are too injured to fight recklessly!
You are too injured to fight recklessly!
The dart slug closely misses you.
You hit the dart slug.
The dart slug is heavily wounded.
The endoplasm freezes you.
You are frozen.
* * * LOW HITPOINT WARNING * * *
You hit the dart slug.
The dart slug is severely wounded.
The endoplasm barely misses you.
The dart slug bites you but does no damage.
You hit the dart slug.
You kill the dart slug!
The endoplasm freezes you.
You are frozen.
* * * LOW HITPOINT WARNING * * *
The endoplasm attacks as you move away! The endoplasm hits you.
You die...

.....##.#..##........#
)....##....#.........##
.........#.............
.....#######.###.>...##
######..............###
#.^....†.........
...............#
#......#.###.#.####
#.......†.J@.......
#......#.###†#.####
#......#.#?#.#
#......#.###.#
#..............
#......#.###.#.#
#####.... ...# ####
####


You could see an endoplasm.

Vanquished Creatures
  A dart slug (D:1)
  A goblin (D:1)
  3 rats (D:1)
5 creatures vanquished.

Notes
Turn   | Place    | Note
-------+----------+-------------------------------------------
     0 | D:1      | Mesmaeker13 the Demigod Reaver began the quest for the Orb.
     0 | D:1      | Reached XP level 1. HP: 17/17 MP: 5/5
   107 | D:1      | Slain by an endoplasm

Illustrated notes

Levels and vault maps discovered:
D:1:      spicycebolla_green_bress_n_ham, layout_rooms, minmay_surrounded

Action                     || total
---------------------------++-------
  Melee: Spear             ||    14
   Stab: Sleeping          ||     1
 Armour: Leather armour    ||     3
  Dodge: Dodged            ||     6
